 Dungeon Crawl Stone Soup version 0.26.1-11-gd32895ea62 (webtiles) character file.

Game seed: 15943056425321179432

42 ubername the Grave Robber (level 3, -3/22 HPs)
             Began as a Vampire Necromancer on June 2, 2021.
             Slain by a bullfrog skeleton (5 damage)
             ... on level 2 of the Dungeon.
             The game lasted 00:04:38 (1579 turns).

ubername the Grave Robber (Vampire Necromancer)     Turns: 1579, Time: 00:04:38

Health: -3/22      AC:  2    Str:  7    XL:     3   Next: 35%
Magic:  6/6        EV: 12    Int: 18    God:
Gold:   61         SH:  0    Dex: 14    Spells: 5/6 levels left

rFire    . . .     SeeInvis +   b - +4 short sword
rCold    . . .     Faith    .   (no shield)
rNeg     . . .     Spirit   .   a - +0 robe
rPois    .         Reflect  .   (no helmet)
rElec    .         Harm     .   (no cloak)
rCorr    .         Rampage  .   (no gloves)
Will     .....                  (no boots)
Stlth    ++........             (no amulet)
HPRegen  0.27/turn              (no ring)
MPRegen  0.10/turn              (no ring)

@: regenerating quickly
A: fangs 3, see invisible, [frail 1], unbreathing
a: Exsanguinate


You were on level 2 of the Dungeon.
You visited 1 branch of the dungeon, and saw 2 of its levels.

You collected 61 gold pieces.

Inventory:

Hand Weapons
 b - a +4 short sword (weapon)
Armour
 a - a +0 robe (worn)
Scrolls
 c - 2 scrolls of remove curse {unknown}
 d - 3 scrolls of enchant armour {unknown}
 e - a scroll of magic mapping {unknown}
 g - 2 scrolls of teleportation {unknown}
 h - a scroll of identify {unknown}
Potions
 f - a potion of degeneration {unknown}


   Skills:
 + Level 0.4 Fighting
 + Level 0.5 Short Blades
 + Level 2.2 Dodging
 + Level 3.0 Stealth
 + Level 2.4 Spellcasting
 + Level 5.1 Necromancy


You had 5 spell levels left.
You knew the following spells:

 Your Spells              Type           Power        Failure   Level
a - Pain                  Necr           80%          1%          1

Your spell library contained the following spells:

 Spells                   Type           Power        Failure   Level
 Animate Skeleton         Necr           40%          1%          1
 Vampiric Draining        Necr           10%          6%          3
 Animate Dead             Necr           10%          21%         4
 Agony                    Necr           20%          50%         5


Dungeon Overview and Level Annotations

Branches:
Dungeon (2/15)

Altars:


Innate Abilities, Weirdness & Mutations

Your natural rate of healing is unusually fast.
You have razor-sharp teeth.
You have supernaturally acute eyesight. (SInv)
You can survive without breathing.
[You are frail. (-10% HP)]


Message History

You completely miss the bullfrog skeleton.
The bullfrog skeleton is moderately damaged.
The bullfrog skeleton hits you but does no damage.
You hit the bullfrog skeleton.
The bullfrog skeleton is heavily damaged.
The bullfrog skeleton hits you.
You hit the bullfrog skeleton but do no damage.
You bite the bullfrog skeleton, but do no damage.
The bullfrog skeleton is heavily damaged.
The bullfrog skeleton hits you. x2
* * * LOW HITPOINT WARNING * * *
You hit the bullfrog skeleton but do no damage.
The bullfrog skeleton is heavily damaged.
The bullfrog skeleton hits you.
* * * LOW HITPOINT WARNING * * *
Okay, then.
You hit the bullfrog skeleton. Your bite misses the bullfrog skeleton.
The bullfrog skeleton is heavily damaged.
The bullfrog skeleton hits you.
You die...

#.. #.### ... .### ##...
.... ...##.... ...#
##..#... ..... #.
.>....##....#
..#####......#
.........@Z##
.....###....####### #####
.........##.#.....###...#
....#.#.###.............#
........######.#.#.#.#..#
....#.#..## #..........#
..........# #.#.#†#.#..#
##.#......## #..........#
#.#####...###.#.#.#.#..#


You could see a bullfrog skeleton.

Vanquished Creatures
  An ooze (D:2)
  A dart slug (D:1)
  3 bats
  A giant cockroach (D:1)
  4 goblins (D:1)
  3 hobgoblins (D:1)
  7 jackals (D:1)
  3 kobolds (D:1)
  3 ball pythons
  4 frilled lizards
  3 rats (D:1)
33 creatures vanquished.

Notes
Turn   | Place    | Note
-------+----------+-------------------------------------------
     0 | D:1      | ubername the Vampire Necromancer began the quest for the
                  | Orb.
     0 | D:1      | Reached XP level 1. HP: 13/13 MP: 3/3
   200 | D:1      | Reached XP level 2. HP: 15/17 MP: 1/5
   537 | D:1      | Reached skill level 5 in Necromancy
   919 | D:1      | Reached XP level 3. HP: 18/21 MP: 2/6
  1579 | D:2      | Slain by a bullfrog skeleton

Illustrated notes

Levels and vault maps discovered:
D:1:      saegor_arrival_under_anarchy, layout_basic
D:2:      layout_rooms, overflow_temple_1_default, tso_metal_star, serial_glass,
          glass_columns_a, glass_columns_b, glass_columns_c, glass_columns_a,
          glass_columns_a, glass_columns_a, glass_columns_c, glass_columns_c,
          glass_columns_a, glass_columns_b, serial_bayou_ford_a,
          hangedman_decor_riveting

Skill      XL: |  1  2 |
---------------+-------+-----
Necromancy     | 5 |  5.1
Fighting       | |  0.4
Short Blades   | |  0.5
Dodging        | |  2.2
Stealth        | |  3.0
Spellcasting   | |  2.4

Action                   || total
-------------------------++-------
Melee: Short sword       ||    39
       Bite              ||     4
 Cast: Pain              ||    49
 Abil: Exsanguinate      ||     2
       Revivify          ||     1
 Stab: Sleeping          ||     1
Armor: Robe              ||     9
Dodge: Dodged            ||    34
